 Dungeon Crawl Stone Soup version 0.31-a0-263-ge8cad7f256 (webtiles) character file.

Game seed: 1063238932279198953

444 rabbitsville the Trooper (level 7, -1/64 HPs)
             Began as a Hill Orc Fighter on July 14, 2023.
             Was an Initiate of Okawaru.
             Slain by Edmund
             ... wielding a +3 dire flail of protection
              (4 damage)
             ... on level 4 of the Dungeon.
             The game lasted 00:05:49 (3236 turns).

rabbitsville the Trooper (Hill Orc Fighter)         Turns: 3236, Time: 00:05:49

Health: -1/64      AC: 10    Str: 21    XL:     7   Next: 3%
Magic:  7/7        EV:  9    Int:  8    God:    Okawaru [......]
Gold:   197        SH:  4    Dex: 10    Spells: 6/6 levels left

rFire   + + .        a - +0 war axe
rCold   + + .        c - +0 buckler
rNeg    . . .        b - +0 scale mail
rPois   +            o - +0 helmet
rElec   +            l - scarf {rC+ rF+}
rCorr   +            q - +1 pair of gloves
SInv    .            (no boots)
Will    .....        j - amulet of magic regeneration Stlth
                     (no ring)
HPRegen 0.30/turn    (no ring)
MPRegen 0.50/turn

%: no passive effects
@: resistant
A: no striking features
a: Renounce Religion


You were on level 4 of the Dungeon.
You worshipped Okawaru.
Okawaru was noncommittal.
You visited 2 branches of the dungeon, and saw 5 of its levels.

You collected 197 gold pieces.

Inventory:

Hand Weapons
 a - a +0 war axe (weapon)
Armour
 b - a +0 scale mail (worn)
 c - a +0 buckler (worn)
 l - a scarf of resistance (worn)
 o - a +0 helmet (worn)
 q - a +1 pair of gloves (worn)
Jewellery
 j - an amulet of magic regeneration (around neck)
Scrolls
 i - 3 scrolls of teleportation {unknown}
 k - 3 scrolls of identify {unknown}
 m - a scroll of torment {unknown}
 n - a scroll of fear {unknown}
 p - a scroll of vulnerability {unknown}
 t - a scroll of poison {unknown}
Potions
 d - a potion of might
 f - 2 potions of cancellation
 h - 2 potions of heal wounds {unknown}
 r - a potion of invisibility {unknown}
 s - a potion of mutation {unknown}
 u - a potion of ambrosia {unknown}


   Skills:
 * Level 6.4 Fighting
 * Level 6.4 Axes
 - Level 3.2 Armour
 - Level 4.5 Shields
 + Level 1.3 Invocations


You had 6 spell levels left.
You didn't know any spells.
Your spell library contained the following spells:

 Spells                   Type           Power      Damage    Failure   Level
 Freeze                   Ice            0%         1d3       82%         1
 Ensorcelled Hibernation  Hex/Ice        0%         N/A       91%         2
 Passwall                 Tmut/Erth      0%         N/A       91%         2
 Frozen Ramparts          Ice            0%         1d1       99%         3
 Hailstorm                Conj/Ice       0%         3d3       99%         3
 Swiftness                Air            0%         N/A       99%         3


Dungeon Overview and Level Annotations

Branches:
Dungeon (4/15)             Temple (1/1) D:4

Altars:
Ashenzari
Cheibriados
Elyvilon
Gozag
Hepliaklqana
Kikubaaqudgha
Nemelex Xobeh
Okawaru
Ru
Sif Muna
Trog
Uskayaw
Vehumet
Wu Jian
Zin

Shops:
D:3 :

Annotations:
D:4 Edmund


Message History

The black bear claws you but does no damage.
You slash the black bear!
You kill the black bear!
Okawaru accepts your kill.
Your Invocations skill increases to level 1!
You have reached level 7!
You hit Edmund but do no damage.
Edmund is moderately wounded.
Edmund barely misses you.
You hit Edmund but do no damage.
Edmund is moderately wounded.
Edmund closely misses you.
Edmund hits you with a +3 dire flail of protection.
You closely miss Edmund.
Edmund is moderately wounded.
Edmund completely misses you.
You hit Edmund but do no damage.
Edmund is moderately wounded.
Edmund hits you with a +3 dire flail of protection.
You slash Edmund!
Edmund is heavily wounded.
Edmund hits you with a +3 dire flail of protection.
You hit Edmund but do no damage.
Edmund is heavily wounded.
You block Edmund's attack.
You slash Edmund!
Edmund is severely wounded.
Edmund hits you with a +3 dire flail of protection.
Edmund hits you with a +3 dire flail of protection!
* * * LOW HITPOINT WARNING * * *
It was a potion of cancellation.
You feel magically purged.
Edmund hits you with a +3 dire flail of protection!
* * * LOW HITPOINT WARNING * * *
It was a potion of resistance.
You feel protected. Edmund barely misses you.
It was a potion of magic.
Magic courses through your body.
Edmund says, "People accused me of being a cutpurse!"
Edmund hits you with a +3 dire flail of protection.
You die...

# #.######### #. #.#
... ## ##
#.#########
....##.#.##
#..........
........#.#
#.######### #...#
#.######### ##.##
#..........
#.########.#########
#.@@.......#
##########.# #.#
##.## ##.#.##
##.###.## ##.##
##.## #.## ##.#
##.## ##.##


You could see Edmund.

Vanquished Creatures
  A black bear (D:4)
  Blork the orc (D:4)
  A scorpion (D:4)
  A jelly (D:4)
  An orc wizard (D:3)
  5 adders
  6 gnolls (D:4)
  An ufetubus (D:3)
  A dart slug (D:1)
  6 orcs (D:3)
  A ball python (D:2)
  5 bats
  6 endoplasms
  A giant cockroach (D:1)
  6 goblins
  3 hobgoblins
  6 jackals
  3 kobolds
  4 quokkas
  4 frilled lizards
  3 rats
66 creatures vanquished.

Notes
Turn   | Place    | Note
-------+----------+-------------------------------------------
     0 | D:1      | rabbitsville the Hill Orc Fighter began the quest for the
                  | Orb.
     0 | D:1      | Reached XP level 1. HP: 19/19 MP: 1/1
   346 | D:1      | Reached XP level 2. HP: 24/27 MP: 2/2
   994 | D:2      | Identified the +3 robe of the Special Violins {Dex+3}
  1001 | D:2      | Reached XP level 3. HP: 32/33 MP: 3/3
  1635 | D:3      | Reached XP level 4. HP: 39/41 MP: 4/4
  2116 | D:3      | Reached skill level 5 in Fighting
  2171 | D:3      | Found Omiywk Nith's Vocational Training.
  2586 | D:4      | Reached XP level 5. HP: 48/48 MP: 5/5
  2587 | D:4      | Noticed Blork the orc
  2630 | D:4      | Killed Blork the orc
  2631 | D:4      | Reached skill level 5 in Axes
  2824 | D:4      | Reached XP level 6. HP: 57/57 MP: 6/6
  3044 | D:4      | Found a staircase to the Ecumenical Temple.
  3062 | Temple   | Entered the Ecumenical Temple
  3062 | Temple   | Found a transporter.
  3062 | Temple   | Found a transporter.
  3064 | Temple   | Found a transporter.
  3064 | Temple   | Found a transporter.
  3140 | Temple   | Became a worshipper of Warmaster Okawaru
  3206 | D:4      | Noticed Edmund
  3214 | D:4      | Noticed a black bear
  3226 | D:4      | Killed a black bear
  3227 | D:4      | Reached skill level 1 in Invocations
  3227 | D:4      | Reached XP level 7. HP: 37/64 MP: 7/7
  3234 | D:4      | HP: 2/64 [Edmund/+3 dire flail of protection (11)]
  3236 | D:4      | Slain by Edmund

Illustrated notes

Levels and vault maps discovered:
D:1:      kilobyte_arrival_exit_the_forest, layout_loops_cross,
          wander_ebering_terrifying_dragon_lair
D:2:      layout_loops_ring
D:3:      layout_basic, serial_bayou, serial_bayou_pond_e,
          serial_bayou_crossing, serial_bayou_lagoon_a, serial_bayou_lake_a,
          serial_bayou_shore_a, nicolae_shop_vocational
D:4:      layout_loops_ring, minmay_temple_entry_statues_fountains,
          uniq_blork_the_orc, uniq_edmund
Temple:   hellmonk_temple_divided_pantheon

Skill      XL: |  1  2  3  4  5  6 |
---------------+-------------------+-----
Axes           | 3 4 5 6 |  6.4
Fighting       | 4 5 6 |  6.4
Shields        | 4 |  4.5
Invocations    | 1 |  1.3
Armour         | |  3.2

Action                     |  1- 3 |  4- 6 |  7- 9 || total
---------------------------+-------+-------+-------++-------
  Melee: War axe           |    98 |   130 |     7 ||   235
    Use: Potion            |       |       |     3 ||     3
 Armour: Scale mail        |    48 |    81 |       ||   129
  Dodge: Dodged            |    62 |    70 |     4 ||   136
  Block: Buckler           |    20 |    28 |     1 ||    49

Table legend: (Time is in decaauts)
 A = Elapsed time spent in this place.
 B = Non-inter-level travel time spent in this place.
 C = Inter-level travel time spent in this place.
 D = Time resting spent in this place.
 E = Time spent auto-exploring this place.
 F = Levels seen in this place.
 G = Mean time per level.
                   A        B        C        D        E       F      G
               +--------+--------+--------+--------+--------+-----+--------+
         Total |   3380 |   3243 |    137 |      0 |   2326 |   5 |  676.0 |
       Dungeon |   3285 |   3148 |    137 |      0 |   2326 |   4 |  821.2 |
        Temple |     94 |     94 |      0 |      0 |      0 |   1 |   94.0 |
               +--------+--------+--------+--------+--------+-----+--------+

Top non-repeatable levels by time:
     D:3: 1079 daAuts
     D:1: 956 daAuts
     D:2: 701 daAuts
     D:4: 548 daAuts
  Temple: 94 daAuts
